 Dungeon Crawl Stone Soup version 0.19.0-11-g3fc08b3 (webtiles) character file.

137 Chiseanne the Stinger (level 5, 0/41 HPs)
             Began as a Centaur Venom Mage on Nov 8, 2016.
             Killed from afar by an orc wizard (1 damage)
             ... with a magic dart
             ... on level 3 of the Dungeon.
             The game lasted 00:04:37 (2982 turns).

Chiseanne the Stinger (Centaur Venom Mage)          Turns: 2982, Time: 00:04:37

Health: 0/41       AC:  5    Str: 10    XL:     5   Next: 0%
Magic:  1/8        EV:  8    Int: 14    God:
Gold:   45         SH:  0    Dex: 11    Spells: 1 memorised, 7 levels left

rFire  . . .     SeeInvis .     d - +0 hand axe
rCold  . . .     Gourm    .     l - +0 ring mail
rNeg   . . .     Faith    .     (no shield)
rPois  .         Spirit   .     (no helmet)
rElec  .         Reflect  .     (no cloak)
rCorr  .         Harm     .     (no gloves)
MR     .....                    (no barding)
Stlth  ..........               j - amulet of regeneration
                                (no ring)
                                (no ring)

@: lethally poisoned (0 -> -1), very slightly contaminated, invisible, very
quick
A: hooves 3, deformed body, speed 2, tough skin 3
a: no special abilities


You were on level 3 of the Dungeon.
You were hungry.

You visited 1 branch of the dungeon, and saw 3 of its levels.

You collected 45 gold pieces.

Inventory:

Hand Weapons
 d - a +0 hand axe (weapon)
Missiles
 f - 39 sling bullets
 g - 38 arrows
 i - 94 stones (quivered)
Armour
 l - a +0 ring mail (worn)
Jewellery
 j - an amulet of regeneration (around neck)
 k - an uncursed ring of fire
Wands
 p - a wand of lightning (6/15)
Scrolls
 m - a scroll of amnesia
 t - a scroll of recharging
Potions
 e - a potion of cure mutation
 h - a potion of agility
 o - 2 potions of magic
 q - a potion of resistance {unknown}
 r - a potion of haste
 s - a potion of might {unknown}
 v - a potion of invisibility
Books
 b - a Young Poisoner's Handbook

   Spells                             Type                      Level
   a - Sting                          Conjuration/Poison           1
   b - Mephitic Cloud                 Conjuration/Poison/Air       3
   c - Olgreb's Toxic Radiance        Poison                       4
   d - Alistair's Intoxication        Transmutation/Poison         5
   e - Venom Bolt                     Conjuration/Poison           5
Comestibles
 a - 3 chunks of flesh
 c - 2 bread rations
 n - a meat ration
 w - 4 fruits
 x - a beef jerky


   Skills:
 * Level 2.0 Fighting
 * Level 2.5 Dodging
 - Level 1.1 Stealth
 * Level 2.2 Spellcasting
 * Level 3.8 Poison Magic


You had 7 spell levels left.
You knew the following spells:

 Your Spells              Type           Power        Failure   Level  Hunger
a - Sting                 Conj/Pois      #...         34%         1    #......


Dungeon Overview and Level Annotations

Branches:
Dungeon (3/15)

Altars:
Uskayaw
The Shining One


Innate Abilities, Weirdness & Mutations

You have hooves in place of feet.
Armour fits poorly on your strangely shaped body.
You cover ground very quickly.
You have extremely tough skin. (AC +3)


Message History

Press: ? - help, Shift-Dir - straight line, f/p - orc wizard
Aim: an orc wizard, wielding a dagger and wearing a robe (severely wounded, fast, poisoned)
The sting hits the orc wizard.
The orc wizard appears unharmed.
The orc wizard is severely wounded.
You are feeling hungry.
Casting: Sting
Confirm with . or Enter, or press ? or * to list all spells.
Aiming: Sting
Press: ? - help, Shift-Dir - straight line, f/p - orc wizard
Aim: an orc wizard, wielding a dagger and wearing a robe (severely wounded, fast, poisoned)
The sting hits the orc wizard.
The orc wizard is severely wounded.
The orc wizard gestures at you while chanting.
The magic dart hits you!
* * * LOW HITPOINT WARNING * * *
The orc wizard hits you but does no damage.
You fade into invisibility!
The orc wizard gestures at you while chanting.
The magic dart hits you!
You die...

## ..# #.# o. #.# #..
#.# #.. #.#
#.[####.###########.#
#..........oo@......#
#.....#†###########.#
.####...)..#
........)..#
####.....## ##...##
##.## # #####.#
.##.....#


You could see an orc wizard and an orc.

Vanquished Creatures
  A worker ant (D:2)
  2 adders
  5 worms
  A dart slug (D:1)
  4 leopard geckos
  2 orcs (D:3)
  2 ball pythons
  7 bats
  5 giant cockroaches
  3 goblins
  11 hobgoblins
  4 jackals (D:2)
  5 kobolds
  5 frilled lizards
  11 rats
68 creatures vanquished.

Vanquished Creatures (others)
  An orc wizard (D:3)
1 creature vanquished.

Grand Total: 69 creatures vanquished

Notes
Turn   | Place    | Note
-------+----------+-------------------------------------------
     0 | D:1      | Chiseanne the Centaur Venom Mage began the quest for the Orb.
     0 | D:1      | Reached XP level 1. HP: 14/14 MP: 3/3
   127 | D:1      | Reached XP level 2. HP: 7/22 MP: 1/4
   453 | D:1      | Reached skill level 1 in Fighting
   873 | D:1      | Reached XP level 3. HP: 27/28 MP: 5/5
  1986 | D:2      | Reached XP level 4. HP: 13/35 MP: 7/7
  2128 | D:2      | Found a glowing golden altar of the Shining One.
  2139 | D:2      | Found a hide-covered altar of Uskayaw.
  2979 | D:3      | Reached XP level 5. HP: 5/41 MP: 3/8
  2981 | D:3      | HP: 1/41 [orc wizard/magic dart (6)]
  2982 | D:3      | Killed from afar by an orc wizard

Skill      XL: |  1  2  3  4 |
---------------+-------------+-----
Fighting       | 1 2 |  2.0
Dodging        | 2 |  2.5
Spellcasting   | 2 |  2.2
Stealth        | |  1.1
Poison Magic   | |  3.8

Action                   |  1- 3 |  4- 6 || total
-------------------------+-------+-------++-------
Melee: Unarmed           |    33 |       ||    33
       Kick              |    31 |    15 ||    46
       Whip              |    82 |       ||    82
       Hand axe          |    57 |    69 ||   126
       Short sword       |    12 |       ||    12
 Cast: Sting             |     1 |    24 ||    25
  Use: Scroll            |    11 |     3 ||    14
       Potion            |       |     1 ||     1
  Eat: Chunk             |     3 |     3 ||     6
Armor: Robe              |    70 |       ||    70
       Ring mail         |    41 |    32 ||    73
Dodge: Dodged            |   111 |    29 ||   140
